Map: Oxide LE

Players

DPGZest (Zest) - Winner!

  • Race: Protoss Protoss
  • Spawn Location: 7:00

HeroMarine

  • Race: Terran Terran
  • Spawn Location: 1:00

Event: StayAtHome Story Cup #3

VOD

Have the link to the VOD?

Description

Time

  • Played on: March 11, 2021, 8:35 a.m.
  • Length: 6:09

All games in this series

Show
View Real Time Build Order
Export as new Build Order

DPGZest Protoss - Winner!

Build Orders: 1 Gate Expand, Blink Stalkers 

Get SALT Encoding   

  12  0:00  Probe  
  13  0:12  Probe  
  14  0:17  Pylon  
  14  0:24  Probe (Chrono Boost)  
  15  0:37  Probe (Chrono Boost), Gateway  
  16  0:45  Probe (Chrono Boost)  
  16  0:46  Assimilator  
  17  0:51  Probe  
  18  1:03  Probe  
  19  1:15  Probe  
  20  1:24  Cybernetics Core  
  20  1:32  Nexus  
  20  1:35  Probe  
  21  1:42  Pylon  
  21  1:47  Probe  
  21  1:50  Assimilator  
  22  1:58  Adept (Chrono Boost)  
  22  1:59  Probe  
  25  2:02  Warp Gate  
  25  2:11  Probe  
  26  2:18  Adept (Chrono Boost)  
  28  2:23  Probe  
  29  2:31  Twilight Council  
  29  2:35  Probe  
  30  2:46  Probe  
  30  2:48  Probe  
  32  2:59  Probe  
  32  3:00  Probe  
  32  3:03  Blink (Chrono Boost)  
  34  3:12  Probe x2  
  36  3:16  Robotics Facility  
  36  3:24  Probe x2  
  38  3:36  Probe x2  
  38  3:38  Gateway  
  38  3:39  Gateway  
  40  3:42  Gateway  
  40  3:50  Stalker  
  40  3:51  Pylon  
  40  3:52  Probe x2  
  44  4:04  Warp Prism (Chrono Boost)  
  44  4:09  Probe  
  48  4:10  Probe  
  48  4:14  Stalker  
  50  4:17  Pylon  
  50  4:19  Assimilator  
  50  4:32  Probe, Pylon  
  50  4:33  Stalker  
  50  4:36  Stalker x2  
  50  4:37  Stalker  
  59  4:41  Observer  
  59  4:44  Pylon  
  60  4:57  Stalker  
  61  5:00  Probe  
  61  5:01  Probe, Stalker x3  
  64  5:28  Stalker x4  
  66  5:54  Stalker x4  
Show
View Real Time Build Order
Export as new Build Order

HeroMarine Terran 

Build Orders: Reaper Expand 

Get SALT Encoding   

  12  0:00  SCV  
  13  0:12  SCV  
  14  0:17  Supply Depot  
  14  0:24  SCV  
  15  0:39  SCV, Barracks  
  16  0:43  Refinery  
  16  0:51  SCV  
  17  1:03  SCV  
  18  1:15  SCV  
  19  1:27  Reaper, Orbital Command  
  20  1:42  Command Center  
  20  1:50  Supply Depot  
  21  1:54  SCV  
  21  1:59  Marine  
  22  2:06  SCV  
  23  2:10  Factory  
  23  2:16  Bunker  
  23  2:19  SCV  
  23  2:22  Barracks Reactor  
  24  2:31  SCV  
  24  2:32  Refinery  
  25  2:43  SCV  
  26  2:54  Hellion  
  26  2:55  SCV  
  29  2:58  Starport  
  29  2:59  Orbital Command  
  29  3:01  Marine x2  
  31  3:07  SCV  
  32  3:16  Factory Tech Lab  
  32  3:18  Marine  
  32  3:19  Marine  
  33  3:20  SCV  
  33  3:28  SCV  
  33  3:32  SCV  
  35  3:36  Marine  
  35  3:37  Marine  
  35  3:39  Barracks, Supply Depot  
  35  3:40  SCV  
  38  3:43  Raven  
  38  3:44  SCV  
  41  3:52  SCV  
  41  3:54  Marine x2  
  41  3:55  Factory Tech Lab  
  44  3:56  SCV  
  44  4:00  Refinery  
  45  4:05  SCV  
  45  4:08  SCV  
  47  4:11  Barracks  
  47  4:12  Marine x2  
  47  4:16  Siege Tank  
  52  4:20  Supply Depot  
  52  4:23  SCV x2  
  54  4:31  Bunker  
  54  4:41  SCV x2  
  54  4:42  Marauder  
  54  4:43  Marine  
  54  4:45  Supply Depot  
  59  4:49  Siege Tank  
  60  4:53  SCV  
  60  4:54  SCV  
  60  4:57  Engineering Bay  
  62  5:03  Barracks Tech Lab  
  62  5:06  SCV  
  62  5:07  Marauder  
  65  5:09  Supply Depot  
  65  5:13  SCV  
  65  5:17  Marine x2  
  65  5:18  SCV  
  62  5:23  Siege Tank  
  62  5:26  Marauder  
  62  5:28  Marauder  
  68  5:34  SCV x2  
  70  5:36  Refinery  
  64  5:43  Marine x2  
  64  5:46  SCV x2  
Tags
 
Add a new tag
Caveats
  • Supply blocks, unpowered buildings, or Contaminate may cause inaccurate times.
  • Supply counts are checked every 10 seconds.